 Dungeon Crawl Stone Soup version 0.21.1-1-g345015fe64 (webtiles) character file.

71 Brecoman the Gusty (level 4, 0/36 HPs)
             Began as a Tengu Air Elementalist on June 18, 2018.
             Succumbed to an adder's poison
             ... on level 2 of the Dungeon on June 19, 2018.
             The game lasted 00:13:46 (1758 turns).

Brecoman the Gusty (Tengu Air Elementalist)         Turns: 1758, Time: 00:13:46

Health: 0/36       AC: 22    Str:  8    XL:     4   Next: 24%
Magic:  6/9        EV:  2    Int: 17    God:
Gold:   45         SH:  0    Dex: 14    Spells: 2/8 levels left

rFire    + . .     SeeInvis .   g - +2 dagger (venom)
rCold    + . .     Gourm    .   (no shield)
rNeg     + + +     Faith    .   (armour currently unavailable)
rPois    +         Spirit   .   (helmet currently unavailable)
rElec    +         Reflect  .   (cloak currently unavailable)
rCorr    +         Harm     .   (gloves currently unavailable)
MR       .....     NoTele   +   (boots unavailable)
Stlth    ++........             (no amulet)
HPRegen  0.12/turn              (no ring)
MPRegen  0.11/turn              (no ring)

@: lethally poisoned (0 -> -3), tree-form, resistant
A: no striking features
a: no special abilities


You were on level 2 of the Dungeon.
You were not hungry.
You were a tree.
You visited 1 branch of the dungeon, and saw 2 of its levels.

You collected 45 gold pieces.

Inventory:

Hand Weapons
 g - a +2 dagger of venom (weapon)
Missiles
 d - 46 stones (quivered)
Armour
 a - a +0 robe (melded)
Jewellery
 i - a cursed -2 ring of intelligence
Scrolls
 e - a scroll of teleportation
 k - a scroll of remove curse {unknown}
Potions
 l - a potion of curing {unknown}
Books
 b - a book of Air

   Spells                             Type                      Level
   a - Shock                          Conjuration/Air              1
   b - Swiftness                      Charms/Air                   2
   c - Static Discharge               Conjuration/Air              3
   d - Airstrike                      Air                          4
   e - Lightning Bolt                 Conjuration/Air              5
Comestibles
 c - 3 rations
 h - a chunk of flesh


   Skills:
 - Level 2.1 Dodging
 - Level 2.0 Stealth
 + Level 2.8 Spellcasting
 + Level 3.1 Conjurations
 + Level 5.1 Air Magic


You had 2 spell levels left.
You knew the following spells:

 Your Spells              Type           Power        Failure   Level  Hunger
a - Shock                 Conj/Air       ###.         3%          1    #......
b - Swiftness             Chrm/Air       ##......     10%         2    ##.....
c - Static Discharge      Conj/Air       ###.....     10%         3    ###....


Dungeon Overview and Level Annotations

Branches:
Dungeon (2/15)

Altars:
Trog


Innate Abilities, Weirdness & Mutations

((You have a beak for a mouth.))
((You have claws for feet.))


Message History

The adder bites you.
* * * LOW HITPOINT WARNING * * *
Some of the chunks of flesh in your inventory have rotted away.
The adder bites you.
* * * LOW HITPOINT WARNING * * *
The adder bites you.
* * * LOW HITPOINT WARNING * * *
You are lethally poisoned!
The adder poisons you!
You no longer feel sluggish.
* * * LOW HITPOINT WARNING * * *
You feel sick. The adder bites you but does no damage.
* * * LOW HITPOINT WARNING * * *
You feel sick.
It was a potion of lignification.
You turn into a tree.
Your +0 robe melds into your body.
Your roots penetrate the ground.
The adder bites you but does no damage. x2
It was a potion of resistance.
You feel protected.
You die...

#.# #.####.# #.#
#####.#######.# #.#
#.# #.............##
#.# #.#
#.###.######...###.#
#.# #.# #.#
#.........# #.# #.#
#.#
#.#...#############.#
#.# #.# #.##.##
#..........# #.#
#.####.##S#
#.########## ####.#
#.>......♣# #.#
.....# ######.####
#.# ###### # #.# #.#
# #.# #.# #.# #.# #.#


You could see an adder.

Vanquished Creatures
  An adder (D:2)
  An ooze (D:2)
  A worm (D:2)
  2 dart slugs (D:1)
  4 leopard geckos
  3 giant cockroaches
  3 goblins
  6 hobgoblins
  4 jackals (D:2)
  2 quokkas (D:2)
  A ball python (D:2)
  4 bats
  2 frilled lizards
  5 kobolds (D:1)
  4 rats
  A plant (D:1)
44 creatures vanquished.

Notes
Turn   | Place    | Note
-------+----------+-------------------------------------------
     0 | D:1      | Brecoman the Tengu Air Elementalist began the quest for the Orb.
     0 | D:1      | Reached XP level 1. HP: 10/10 MP: 4/4
   198 | D:1      | Reached XP level 2. HP: 15/15 MP: 3/6
   869 | D:1      | Reached XP level 3. HP: 19/19 MP: 7/7
  1057 | D:2      | Learned a level 2 spell: Swiftness
  1080 | D:2      | Learned a level 3 spell: Static Discharge
  1127 | D:2      | Found a bloodstained altar of Trog.
  1171 | D:2      | Reached XP level 4. HP: 24/24 MP: 0/9
  1205 | D:2      | Reached skill level 5 in Air Magic
  1755 | D:2      | HP: 1/24 [poisoned by an adder]
  1758 | D:2      | Succumbed to an adder's poison

Skill      XL: |  1  2  3  4 |
---------------+-------------+-----
Conjurations   | 2 3 |  3.1
Air Magic      | 5 |  5.1
Dodging        | |  2.1
Stealth        | |  2.0
Spellcasting   | |  2.8

Action                   |  1- 3 |  4- 6 || total
-------------------------+-------+-------++-------
Melee: Dagger            |    40 |     7 ||    47
       Kick              |    10 |     2 ||    12
       Peck              |     4 |     1 ||     5
 Cast: Shock             |    58 |    17 ||    75
       Swiftness         |       |     1 ||     1
  Use: Scroll            |     2 |       ||     2
       Potion            |       |     2 ||     2
  Eat: Chunk             |     1 |     2 ||     3
Armor: Robe              |    12 |     3 ||    15
       Skin              |       |     2 ||     2
Dodge: Dodged            |    41 |    16 ||    57
